 Dungeon Crawl Stone Soup version 0.29.0-5-ge4962eb29e (webtiles) character file.

Game seed: 8922808335319367200

5147 unlimited1921 the Thaumaturge (level 10, -9/64 HPs)
             Began as a Djinni Fire Elementalist on Aug 29, 2022.
             Was an Initiate of Yredelemnul.
             Mangled by a two-headed ogre
             ... wielding a +0 giant club
              (16 damage)
             ... on level 10 of the Dungeon.
             The game lasted 00:52:16 (16710 turns).

unlimited1921 the Thaumaturge (DjFE)               Turns: 16710, Time: 00:52:20

Health: -9/64      AC:  6    Str:  7    XL:     10   Next: 89%
Gold:   679        EV: 12    Int: 20    God:    Yredelemnul [......] SH:  0 Dex: 15

rFire   + + +      SeeInvis .   a - +4 quarterstaff (chaos)
rCold   x . .      Faith    .   (shield currently unavailable)
rNeg    . . .      Spirit   .   k - +0 leather armour
rPois   ∞          Reflect  .   f - +2 helmet
rElec   .          Harm     .   (no cloak)
rCorr   .          Rampage  .   (no gloves)
Will    +....                   (boots unavailable)
Stlth   ++........              (no amulet)
HPRegen 0.20/turn               m - ring of protection from fire
MPRegen 0.00/turn               (no ring)

@: flying
A: sickness immunity, fire resistance 2, cold vulnerability 1, float, innate
caster, HP casting, extra vitality 1
a: Renounce Religion, Recall Undead Harvest


You were on level 10 of the Dungeon.
You worshipped Yredelemnul.
Yredelemnul was noncommittal.
You visited 2 branches of the dungeon, and saw 11 of its levels.

You collected 679 gold pieces.

Inventory:

Hand Weapons
 a - a +4 quarterstaff of chaos (weapon)
 l - a +0 hammer
 o - a +0 short sword of speed
 t - a +0 dagger of draining
 w - a +2 dagger of draining
 Q - a +0 hand axe of electrocution
 W - a +6 giant club
Missiles
 c - 90 stones
 d - 6 javelins
 F - 3 silver javelins
 L - 4 poisoned darts
 R - 3 throwing nets
 U - 6 boomerangs
 V - 5 curare-tipped darts
Armour
 b - a +1 cloak
 f - a +2 helmet (worn)
 g - a scarf of shadows
 k - a +0 leather armour (worn)
 p - a +0 ring mail
Jewellery
 m - a ring of protection from fire (left hand)
Wands
 x - a wand of flame (16)
 A - a wand of charming (15)
 H - a wand of roots (14) (quivered)
 M - a wand of mindburst (9)
Scrolls
 e - a scroll of summoning {unknown}
 h - 2 scrolls of brand weapon
 j - 2 scrolls of blinking
 q - a scroll of fear
 r - 9 scrolls of teleportation
 u - a scroll of vulnerability
 y - 2 scrolls of magic mapping {unknown}
 z - a scroll of poison
 I - a scroll of enchant armour
 T - a scroll of silence {unknown}
Potions
 i - 3 potions of heal wounds
 s - a potion of cancellation
 v - 5 potions of curing
 B - a potion of haste {unknown}
 C - a potion of flight {unknown}
 E - 4 potions of brilliance
 G - a potion of might {unknown}
 J - a potion of invisibility {unknown}
 N - a potion of mutation {unknown}
 O - 3 potions of attraction {unknown}
 P - a potion of lignification {unknown}


   Skills:
 + Level 2.0 Fighting
 + Level 1.5 Staves
 + Level 4.7 Armour
 + Level 3.2 Dodging
 + Level 4.0 Stealth
 + Level 10.6 Spellcasting
 + Level 0.5 Evocations


You had 8 spell levels left.
You knew the following spells:

 Your Spells              Type           Power      Damage    Failure   Level
a - Foxfire               Conj/Fire      100%       2x1d9     1%          1
b - Scorch                Fire           100%       2d10      1%          2
c - Conjure Flame         Conj/Fire      52%        6-21      1%          3
d - Inner Flame           Hex/Fire       52%        N/A       1%          3
e - Flame Wave            Conj/Fire      52%        2d13      1%          4
f - Freeze                Ice            100%       1d11      1%          1
g - Searing Ray           Conj           100%       2d8       1%          2
h - Blink                 Tloc           100%       N/A       1%          2
i - Anguish               Hex/Necr       26%        N/A       1%          4
Your spell library was empty.

Dungeon Overview and Level Annotations

Branches:
Dungeon (10/15)            Temple (1/1) D:7
   Lair: D:8-11         Orc: D:9-12

Altars:
Ashenzari
Cheibriados
Dithmenos
Elyvilon
Fedhas
Gozag
Nemelex Xobeh
Okawaru
Qazlal
Ru
Trog
Uskayaw
Wu Jian
Xom
Yredelemnul
The Shining One

Annotations:
D:7 2 transporters, drpainis's ghost, novice HuNe


Innate Abilities, Weirdness & Mutations

You are immune to sickness and miasma.
You are immune to poison.
Your flesh is very heat resistant. (rF++)
You are vulnerable to cold. (rC-)
You float through the air rather than walking.
You learn spells naturally, not from books.
Your magical power is your life essence.
You have superior vitality. (+4 MHP)


Message History

The two-headed ogre's fire resistance burns away.
The foxfire hits the two-headed ogre but does no damage.
The two-headed ogre is moderately wounded.
The two-headed ogre is engulfed in blazing flames.
Flame seeps out of the two-headed ogre.
Casting: Scorch (safe; 1% risk of failure)
Confirm with . or Enter, or press ? or * to list all spells.
You conjure some foxfire!
The two-headed ogre hits you with a +0 giant club!
The two-headed ogre misses you.
Your foxfire dissipates! x2
Casting: Foxfire (safe; 1% risk of failure)
Confirm with . or Enter, or press ? or * to list all spells.
You conjure some foxfire!
The foxfire hits the two-headed ogre!
The two-headed ogre is burned terribly!
Flame seeps out of the two-headed ogre.
The two-headed ogre is heavily wounded.
Your foxfire dissipates!
The foxfire hits the two-headed ogre but does no damage.
The two-headed ogre is heavily wounded.
Casting: Foxfire (safe; 1% risk of failure)
Confirm with . or Enter, or press ? or * to list all spells.
You conjure some foxfire!
The two-headed ogre attacks as you move away!
The two-headed ogre barely misses you. The two-headed ogre closely misses you.
The two-headed ogre is no longer more vulnerable to fire.
The foxfire hits the two-headed ogre but does no damage.
The two-headed ogre is heavily wounded.
The foxfire hits the two-headed ogre.
Flame seeps out of the two-headed ogre.
The two-headed ogre is heavily wounded.
The two-headed ogre is engulfed in blazing flames.
Flame seeps out of the two-headed ogre.
Casting: Foxfire (safe; 1% risk of failure)
Confirm with . or Enter, or press ? or * to list all spells.
You conjure some foxfire!
The two-headed ogre hits you with a +0 giant club!!!
Ouch! That really hurt!
* * * LOW HITPOINT WARNING * * *
The two-headed ogre hits you with a +0 giant club!
You die...
Your body rises from the dead as a mindless zombie.

#........# ###........#
#........###..........#
#........#...#........#
#........'.###........#
#........### #........#
#........# #........##
#........# #..))......
#######v## #.)).....#
###@# ##.####### ##.Ov#
#..#### #.○### ##....#
#'## ########'##
#....v..# #?)?......#
#....§..'.##.........#
#.......#.##.........+
#..§....# .+.........#
#..§....# #.........#


You could see a two-headed ogre (inner flame, ally target).

Vanquished Creatures
  A kobold demonologist (D:9)
  A troll (D:9)
  The ghost of Faca the Poker, an amateur MfGl (D:4)
  Sigmund (D:4)
  A wyvern (D:7)
  Eustachio (D:4)
  4 yaks (D:8)
  A wraith (D:9)
  An acid dragon (D:8)
  A water moccasin (D:7)
  Duvessa (D:4)
  A spectral yak (D:8)
  An orc warrior (D:10)
  3 black bears
  A sky beast (D:8)
  An ice beast (D:8)
  5 ogres
  2 centaurs
  2 phantoms (D:6)
  A kobold brigand (D:9)
  A spectral kobold (D:9)
  A bullfrog (D:7)
  2 necrophages (D:7)
  2 scorpions
  A troll zombie (D:9)
  Dowan (D:4)
  A spectral ice beast (D:8)
  A spectral centaur (D:8)
  A bullfrog zombie (D:9)
  3 orc priests
  3 hounds
  4 gnoll boudas
  Crazy Yiuf (D:3)
  2 iguanas (D:6)
  Natasha (thrice) (D:4)
  3 orc wizards
  5 spectral gnolls
  18 gnolls
  5 adders
  2 shadow imps
  2 white imps
  A worm (D:7)
  2 dart slugs
  19 orcs
  8 ball pythons
  4 endoplasms
  2 giant cockroaches (D:3)
  7 goblins
  4 hobgoblins
  2 jackals (D:2)
  3 quokkas
  8 bats
  A frilled lizard (D:1)
  2 gnoll zombies (D:9)
  10 kobolds
  A kobold zombie (D:9)
  2 orc zombies (D:10)
  5 rats
  A spectral orc (D:10)
175 creatures vanquished.

Vanquished Creatures (collateral kills)
  A yak (D:8)
1 creature vanquished.

Vanquished Creatures (others)
  A troll (D:9)
  A bullfrog (D:9)
  A felid zombie (D:4)
  A spectral gnoll (D:9)
  A spectral shadow imp (D:8)
  4 gnoll zombies (D:9)
  An orc zombie (D:10)
  509 foxfires
519 creatures vanquished.

Grand Total: 695 creatures vanquished

Notes
Turn   | Place    | Note
-------+----------+-------------------------------------------
     0 | D:1      | unlimited1921 the Djinni Fire Elementalist began the quest
                  | for the Orb.
     0 | D:1      | unlimited1921 set off with the following spells memorised:
                  | Foxfire, Scorch, Conjure Flame, Inner Flame, Flame Wave.
     0 | D:1      | Reached XP level 1. HP: 15/15 MP: 0/0
   474 | D:1      | Reached XP level 2. HP: 14/21 MP: 0/0
  1607 | D:1      | Reached skill level 3 in Spellcasting
  2037 | D:2      | Reached XP level 3. HP: 23/25 MP: 0/0
  2037 | D:2      | Learned a level 1 spell: Freeze
  3824 | D:3      | Found a white marble altar of Elyvilon.
  3996 | D:3      | Reached XP level 4. HP: 28/31 MP: 0/0
  4188 | D:3      | Found a runed translucent door.
  4189 | D:3      | Noticed Crazy Yiuf
  5348 | D:3      | Reached XP level 5. HP: 18/35 MP: 0/0
  5348 | D:3      | Learned a level 2 spell: Searing Ray
  5904 | D:3      | Killed Crazy Yiuf
  5905 | D:3      | Reached skill level 1 in Armour
  6129 | D:4      | You are sucked into a shaft and drop 1 floor!
  6129 | D:5      | Entered Level 5 of the Dungeon
  6405 | D:5      | Reached XP level 6. HP: 34/40 MP: 0/0
  6545 | D:5      | Reached skill level 4 in Spellcasting
  6823 | D:5      | Noticed an ogre
  6921 | D:5      | Killed an ogre
  7591 | D:4      | Noticed Natasha
  7595 | D:4      | Killed Natasha
  7596 | D:4      | Reached XP level 7. HP: 35/45 MP: 0/0
  7596 | D:4      | Learned a level 2 spell: Blink
  7702 | D:4      | Found a sacrificial altar of Ru.
  7854 | D:4      | Noticed Dowan
  7854 | D:4      | Noticed Duvessa
  7864 | D:4      | Killed Duvessa
  7864 | D:4      | Killed Dowan
  7865 | D:4      | Reached skill level 5 in Spellcasting
  8085 | D:4      | Noticed Eustachio
  8133 | D:4      | Noticed Sigmund
  8591 | D:4      | Killed Eustachio
  8592 | D:4      | Reached XP level 8. HP: 17/51 MP: 0/0
  8882 | D:4      | Reached skill level 6 in Spellcasting
  9153 | D:4      | Killed Sigmund
  9154 | D:4      | Reached skill level 1 in Fighting
  9262 | D:4      | Noticed Natasha
  9270 | D:4      | Killed Natasha
  9352 | D:4      | Noticed Faca's ghost (amateur MfGl)
  9354 | D:4      | Found a transporter.
  9539 | D:6      | Found a stormy altar of Qazlal.
 10324 | D:6      | Reached skill level 1 in Staves
 10324 | D:6      | Reached skill level 7 in Spellcasting
 10577 | D:6      | Found a shadowy altar of Dithmenos.
 10635 | D:6      | Reached XP level 9. HP: 51/57 MP: 0/0
 10635 | D:6      | Learned a level 4 spell: Anguish
 11311 | D:7      | Noticed drpainis's ghost (novice HuNe)
 11312 | D:7      | Found a transporter.
 11483 | D:7      | Reached skill level 8 in Spellcasting
 11741 | D:7      | Found a transporter.
 11853 | D:7      | Found a staircase to the Ecumenical Temple.
 11909 | Temple   | Entered the Ecumenical Temple
 11923 | Temple   | Became a worshipper of Yredelemnul the Dark
 12002 | D:7      | Found an iron altar of Okawaru.
 12798 | D:8      | Found a sparkling altar of Nemelex Xobeh.
 12858 | D:8      | Reached * piety under Yredelemnul
 12858 | D:8      | Reached skill level 9 in Spellcasting
 12858 | D:8      | Reached XP level 10. HP: 17/63 MP: 0/0
 14180 | D:9      | Found an opulent altar of Gozag.
 14206 | D:9      | Reached skill level 10 in Spellcasting
 14941 | D:9      | Noticed a kobold demonologist
 14947 | D:9      | Noticed a rust devil
 14967 | D:9      | Killed a kobold demonologist
 15581 | D:9      | HP: 3/64 [troll (17)]
 16129 | D:4      | Noticed Natasha
 16133 | D:4      | Killed Natasha
 16210 | D:4      | Found a transporter.
 16223 | D:4      | Your ally Natasha died
 16227 | D:4      | Killed Faca's ghost
 16570 | D:10     | Entered Level 10 of the Dungeon
 16688 | D:10     | Noticed a two-headed ogre
 16710 | D:10     | Mangled by a two-headed ogre

Illustrated notes

Levels and vault maps discovered:
D:1:      dpeg_arrival_rooms_b, layout_basic
D:2:      layout_basic
D:3:      layout_basic, mainiacjoe_overflow_alcove_1, uniq_crazy_yiuf_cottage
D:4:      layout_rooms, overflow_temple_1_default, gammafunk_ghost_smash,
          uniq_eustachio, uniq_duvessa, uniq_sigmund, uniq_natasha
D:5:      layout_loops_cross, minmay_holes
D:6:      layout_loops_ring, nicolae_qazlal_scattered_showers,
          grunt_dithmenos_smoke_and_mirrors
D:7:      layout_loops_ring, okawaru_trees_2, minmay_temple_entry_slanted,
          gammafunk_ghost_stat_death
D:8:      layout_gridville, nemelex_spade_bored_becter
D:9:      layout_basic, grunt_gozag_statues
D:10:     layout_roguey, tgw_sif, chequers_temple_overflow_statue_of_worship,
          small_statue_intersection
Temple:   hellmonk_temple_rainy

Skill      XL: |  1  2  3  4  5  6  7  8  9 10 |
---------------+-------------------------------+-----
Spellcasting   | 3 4 5 7 9 10 | 10.6
Stealth        | 2 3 4 |  4.0
Armour         | 1 2 3 4 |  4.7
Fighting       | 1 2 |  2.0
Staves         | 1 |  1.5
Dodging        | 3 |  3.2
Evocations     | |  0.5

Action                   |  1- 3 |  4- 6 |  7- 9 | 10-12 || total
-------------------------+-------+-------+-------+-------++-------
Melee: Short sword       |       |     1 |       |       ||     1
       Quarterstaff      |       |     1 |     2 |       ||     3
 Cast: Foxfire           |    91 |    52 |   115 |    69 ||   327
       Scorch            |     1 |    19 |    27 |    36 ||    83
       Inner Flame       |       |     3 |    23 |    22 ||    48
       Blink             |       |       |     2 |       ||     2
       Anguish           |       |       |     1 |     2 ||     3
Evoke: Wand              |       |       |       |     4 ||     4
  Use: Scroll            |       |     6 |     5 |     3 ||    14
       Potion            |       |       |     1 |     3 ||     4
Armor: Robe              |     3 |       |       |       ||     3
       Leather armour    |       |     1 |     8 |     6 ||    15
Dodge: Dodged            |     4 |     2 |    23 |    24 ||    53
